 Dungeon Crawl Stone Soup version 0.28.0-43-g3370ac3207 (webtiles) character file.

Game seed: 3186181864436094737

96 terff the Cudgeller (level 4, -4/35 HPs)
             Began as a Human Fighter on Mar 30, 2022.
             Killed by nerve-wracking pain
             ... invoked by an orc priest
              (11 damage)
             ... on level 3 of the Dungeon.
             The game lasted 00:04:28 (2614 turns).

terff the Cudgeller (Human Fighter)                 Turns: 2614, Time: 00:04:28

Health: -4/35      AC:  8    Str: 17    XL:     4   Next: 98%
Magic:  4/4        EV:  9    Int:  8    God:
Gold:   85         SH:  5    Dex: 14    Spells: 3/3 levels left

rFire   + . .      SeeInvis .   a - +1 flail
rCold   . . .      Faith    .   c - +0 buckler
rNeg    . . .      Spirit   .   b - +0 scale mail
rPois   .          Reflect  .   (no helmet)
rElec   .          Harm     .   (no cloak)
rCorr   .          Rampage  .   m - +0 pair of gloves
Will    .....                   (no boots)
Stlth   ..........              (no amulet)
HPRegen 0.11/turn               i - ring of protection from fire
MPRegen 0.09/turn               (no ring)

@: no status effects
A: no striking features
a: no special abilities


You were on level 3 of the Dungeon.
You visited 1 branch of the dungeon, and saw 3 of its levels.

You collected 85 gold pieces.

Inventory:

Hand Weapons
 a - a +1 flail (weapon)
Armour
 b - a +0 scale mail (worn)
 c - a +0 buckler (worn)
 m - a +0 pair of gloves (worn)
Jewellery
 i - a ring of protection from fire (left hand)
Scrolls
 f - a scroll of immolation
 g - 2 scrolls of enchant weapon
 j - a scroll of blinking {unknown}
Potions
 d - a potion of might
 e - a potion of attraction {unknown}
 h - 2 potions of heal wounds {unknown}
 l - 2 potions of ambrosia


   Skills:
 * Level 3.3 Fighting
 + Level 3.5 Maces & Flails
 + Level 3.4 Armour
 + Level 1.0 Dodging
 + Level 3.3 Shields


You had 3 spell levels left.
You didn't know any spells.
Your spell library was empty.

Dungeon Overview and Level Annotations

Branches:
Dungeon (3/15)

Altars:

Shops:
D:2 :


Message History

The orc priest shouts!
You hear a shout! x2
You hit the orc.
The orc is almost dead.
The orc hits you but does no damage.
You hit the orc.
You kill the orc!
You hit the orc priest.
The orc priest is moderately wounded.
The orc priest hits you but does no damage.
The orc priest invokes the aid of Beogh against you.
Beogh smites you!
You hit the orc priest.
The orc priest is heavily wounded.
You block the orc priest's attack.
You hit the orc priest but do no damage.
The orc priest is heavily wounded.
The orc priest looks satisfied for a moment.
You barely miss the orc priest.
The orc priest is heavily wounded.
The orc priest hits you with a +0 short sword.
You closely miss the orc priest.
The orc priest is heavily wounded.
The orc priest barely misses you. x2
You hit the orc priest but do no damage.
The orc priest is heavily wounded.
The orc priest hits you with a +0 short sword.
You closely miss the orc priest.
The orc priest is heavily wounded.
The orc priest hits you with a +0 short sword.
You barely miss the orc priest.
The orc priest is heavily wounded.
The orc priest barely misses you.
The orc priest calls down the wrath of Beogh upon you.
Pain shoots through your body!
* * * LOW HITPOINT WARNING * * *
You hit the orc priest.
The orc priest is severely wounded.
The orc priest invokes the aid of Beogh against you.
Pain shoots through your body!
You die...

...........g...#
..###.##.#####.####
...................
#..........#......
.#..........#......
...................
####....###...<....
..#######....#####......
.......@o...)>..........
..#######...<########...
###### #### #


You could see an orc priest.

Vanquished Creatures
  An orc wizard (D:2)
  An adder (D:2)
  2 dart slugs (D:2)
  4 orcs
  3 bats
  3 endoplasms
  4 giant cockroaches
  5 goblins
  4 hobgoblins
  4 jackals
  3 kobolds
  2 quokkas (D:1)
  6 ball pythons
  3 frilled lizards
  4 rats
49 creatures vanquished.

Notes
Turn   | Place    | Note
-------+----------+-------------------------------------------
     0 | D:1      | terff the Human Fighter began the quest for the Orb.
     0 | D:1      | Reached XP level 1. HP: 18/18 MP: 1/1
   135 | D:1      | Found a faded altar of an unknown god.
   211 | D:1      | Reached XP level 2. HP: 20/24 MP: 2/2
   632 | D:1      | Reached XP level 3. HP: 26/29 MP: 3/3
  1541 | D:2      | Found Hoonof's Book Shop.
  1639 | D:2      | Reached skill level 1 in Dodging
  1639 | D:2      | Reached XP level 4. HP: 28/35 MP: 4/4
  2614 | D:3      | Killed from afar by an orc priest

Illustrated notes

Levels and vault maps discovered:
D:1:      eino_arrival_cavern_b, layout_loops_corners,
          hellmonk_ecumenical_altar_blasted, nicolae_figureground_sparkle
D:2:      layout_loops_ring, serial_shops, nicolae_shop_behind_doors,
          item_on_display_a
D:3:      minmay_general_purpose_star, layout_rooms,
          eat_drink_and_be_merry_uskayaw, serial_shops,
          nicolae_shop_overgrown_old_shop, shop, grunt_decor_fettered

Skill      XL: |  1  2  3  4 |
---------------+-------------+-----
Dodging        | 1 |  1.0
Maces & Flails | 3 |  3.5
Fighting       | |  3.3
Armour         | |  3.4
Shields        | |  3.3

Action                   |  1- 3 |  4- 6 || total
-------------------------+-------+-------++-------
Melee: Flail             |    99 |    71 ||   170
  Use: Scroll            |       |     3 ||     3
Armor: Scale mail        |    58 |    38 ||    96
Dodge: Dodged            |    57 |    26 ||    83
Block: Buckler           |    39 |    15 ||    54
